AoeStats
← kkkg

Arena

508645080Analyzed
1v1 RM · 9d ago on Sep 23, 2026· 38m 20s· 2 players
Game mode
Random Map
Map size
Tiny (2 player)
Population
200
Speed
Normal
Resources
Standard
Victory
Conquest
Starting age
Dark Age
Ending age
Imperial Age
RankedLock teamsTeams togetherTeam positionsShared explorationLock speedFull tech treeHidden civsTurbo modeCheats
Victory
Defeat
🇨🇳 Poles · China
866
+16
🇨🇴 Vietnamese · Colombia
857
-16
SummedLamp62796
5:32 Loom
9:54 Feudal Age
10:20 Man-at-Arms
11:10 Double-Bit Axe
13:07 Horse Collar
14:25 Arson
19:15 Wheelbarrow
19:55 Town Watch
22:37 Castle Age
21:10 Forging
21:34 Padded Archer Armor
22:13 Fletching
22:52 Scale Mail Armor
23:31 Bow Saw
23:17 Gold Mining
24:02 Heavy Plow
23:53 Stone Mining
23:35 Elite Skirmisher
23:50 Long Swordsman
25:34 Stone Shaft Mining
33:09 Imperial Age
31:42 Iron Casting
32:00 Hand Cart
32:54 Bodkin Arrow
33:17 Town Patrol
33:31 Murder Holes
33:14 Two-Handed Swordsman
34:46 Pikeman
36:58 Chemistry
36:13 Champion
36:21 Halberdier
38:14 Two-Man Saw
kkkg
11:16 Feudal Age
12:05 Double-Bit Axe
14:59 Castle Age
13:09 Horse Collar
15:30 Stone Mining
16:44 Heavy Plow
25:05 Gold Mining
25:51 Stone Shaft Mining
26:29 Fervor
27:58 Wheelbarrow
29:55 Imperial Age
30:29 Hand Cart
29:59 Loom
30:00 Town Watch
31:43 Szlachta Privileges
32:20 Husbandry
32:30 Bloodlines
31:41 Cavalier
32:50 Conscription
32:51 Lechitic Legacy
33:41 Crop Rotation
33:26 Bow Saw
33:41 Scale Barding Armor
33:47 Forging
33:28 Fletching
33:38 Padded Archer Armor
36:09 Elite Obuch
37:47 Leather Archer Armor
37:28 Bodkin Arrow
38:09 Iron Casting
37:35 Scale Mail Armor
39:52 Blast Furnace
39:08 Chain Mail Armor
38:54 Bracer
39:15 Chain Barding Armor
Connection lost

Rejoining the realm…

Still unreachable

The connection could not be restored.

Session expired

The server has moved on; the page needs a fresh start.